 Dungeon Crawl Stone Soup version 0.29-a0-885-gb26ba3297d (webtiles) character file.

Game seed: 6171575082369923110

122 jimonade the Covert (level 5, -3/31 HPs)
             Began as a Kobold Brigand on July 21, 2022.
             Slain by an iguana (12 damage)
             ... on level 4 of the Dungeon.
             The game lasted 00:03:09 (2969 turns).

jimonade the Covert (Kobold Brigand)                Turns: 2969, Time: 00:03:09

Health: -3/31      AC:  5    Str:  8    XL:     5   Next: 27%
Magic:  5/5        EV: 14    Int: 12    God:
Gold:   180        SH:  0    Dex: 19    Spells: 4/4 levels left

rFire   . . .      SeeInvis .   a - +2 dagger
rCold   . . .      Faith    .   (no shield)
rNeg    . . .      Spirit   .   o - +0 leather armour
rPois   .          Reflect  .   (no helmet)
rElec   .          Harm     .   c - +0 cloak
rCorr   .          Rampage  .   (no gloves)
Will    .....                   B - +0 pair of boots
Stlth   +++++.....              (no amulet)
HPRegen 0.10/turn               (no ring)
MPRegen 0.09/turn               (no ring)

@: no status effects
A: small, no large weapons, nightstalker 3
a: no special abilities


You were on level 4 of the Dungeon.
You visited 1 branch of the dungeon, and saw 4 of its levels.

You collected 180 gold pieces.

Inventory:

Hand Weapons
 a - a +2 dagger (weapon)
 l - a +0 spear
 t - a +0 trident
 x - a +0 sling
Missiles
 d - 17 poisoned darts (quivered)
 e - 3 curare-tipped darts
 r - a throwing net
 u - 2 boomerangs of dispersal
Armour
 b - a +0 robe
 c - a +0 cloak (worn)
 o - a +0 leather armour (worn)
 B - a +0 pair of boots (worn)
Jewellery
 k - a ring of ice
 A - a ring of ice
Wands
 v - a wand of light (2)
 z - a wand of mindburst (13)
Scrolls
 f - 5 scrolls of identify {unknown}
 m - 2 scrolls of teleportation {unknown}
 q - a scroll of acquirement {unknown}
 s - a scroll of butterflies {unknown}
 y - a scroll of poison {unknown}
Potions
 g - a potion of mutation {unknown}
 h - 2 potions of might {unknown}
 i - 3 potions of curing {unknown}
 j - a potion of lignification {unknown}
 n - a potion of attraction {unknown}
 p - a potion of brilliance {unknown}
 w - a potion of berserk rage {unknown}
 C - a potion of heal wounds {unknown}


   Skills:
 + Level 2.3 Fighting
 + Level 3.3 Short Blades
 - Level 2.1 Throwing
 + Level 0.1 Armour
 + Level 1.6 Dodging
 * Level 8.0 Stealth


You had 4 spell levels left.
You didn't know any spells.
Your spell library contained the following spells:

 Spells                   Type           Power      Damage    Failure   Level
 Freeze                   Ice            0%         1d3       43%         1
 Frozen Ramparts          Ice            0%         1d2       82%         3
 Hailstorm                Conj/Ice       0%         3d3       99%         4


Dungeon Overview and Level Annotations

Branches:
Dungeon (4/15)
 Temple: D:4-7

Altars:

Shops:
D:3 ?


Innate Abilities, Weirdness & Mutations

You are small and have problems with some larger weapons.
You are completely attuned to the shadows.


Message History

There is a stone staircase leading up here.
You now have 180 gold pieces (gained 6).
C - a grey potion An iguana comes into view.
The iguana hisses angrily.
You hit the iguana.
The iguana is moderately wounded.
You barely miss the iguana.
The iguana is moderately wounded.
The iguana closely misses you.
You barely miss the iguana.
The iguana is moderately wounded.
The iguana completely misses you.
You hit the iguana but do no damage.
The iguana is moderately wounded.
The iguana barely misses you.
You hit the iguana but do no damage.
The iguana is moderately wounded.
The iguana closely misses you.
You barely miss the iguana.
The iguana is moderately wounded.
The iguana misses you.
You hit the iguana but do no damage.
The iguana is moderately wounded.
The iguana bites you!
You hit the iguana but do no damage.
The iguana is moderately wounded.
You hit the iguana but do no damage.
The iguana is moderately wounded.
The iguana bites you.
You are too injured to fight recklessly!
You hit the iguana but do no damage.
The iguana is moderately wounded.
The iguana bites you.
* * * LOW HITPOINT WARNING * * *
You are too injured to fight recklessly!
You hit the iguana.
The iguana is moderately wounded.
The iguana bites you!
You die...

... #.# .... #... #...
#.# ..# ###..# ####
#...# .... ##..#
######## #l@.#
........ ####...#
###..... .......#
.........# .......####
###......# #####.....#
#...####.# ###.....#
#...# ##.#####.......#
#...###...........####
..................#


You could see an iguana.

Vanquished Creatures
  Terence (D:3)
  5 adders
  A worm (D:2)
  A dart slug (D:3)
  2 orcs (D:3)
  6 bats
  5 endoplasms
  2 hobgoblins (D:1)
  4 quokkas
  5 ball pythons
  A frilled lizard (D:2)
  4 goblins
  8 kobolds
  2 rats (D:2)
47 creatures vanquished.

Notes
Turn   | Place    | Note
-------+----------+-------------------------------------------
     0 | D:1      | jimonade the Kobold Brigand began the quest for the Orb.
     0 | D:1      | Reached XP level 1. HP: 12/12 MP: 1/1
   432 | D:1      | Found a faded altar of an unknown god.
   562 | D:1      | Reached XP level 2. HP: 17/17 MP: 2/2
   622 | D:1      | Reached skill level 6 in Stealth
  1123 | D:2      | Reached XP level 3. HP: 20/21 MP: 3/3
  1598 | D:2      | Reached skill level 7 in Stealth
  1693 | D:2      | Reached XP level 4. HP: 26/26 MP: 4/4
  2039 | D:3      | Found Mauhas's Magic Scroll Boutique.
  2545 | D:3      | Noticed Terence
  2549 | D:3      | Killed Terence
  2550 | D:3      | Reached skill level 8 in Stealth
  2550 | D:3      | Reached XP level 5. HP: 31/31 MP: 5/5
  2969 | D:4      | Slain by an iguana

Illustrated notes

Levels and vault maps discovered:
D:1:      saegor_arrival_fortress, layout_basic,
          shapermc_ecumenical_altar_hornbeckon
D:2:      layout_basic
D:3:      layout_rooms, serial_shops, nicolae_diamond_shop, uniq_terence
D:4:      layout_basic, nicolae_wu_jian_immortal_techniques,
          nicolae_uskayaw_en_pointe, minmay_temple_entry_statues_pillars,
          minmay_lizard_king

Skill      XL: |  1  2  3  4 |
---------------+-------------+-----
Short Blades   | 3 |  3.3
Stealth        | 6 7 8 |  8.0
Fighting       | |  2.3
Throwing       | |  2.1
Armour         | |  0.1
Dodging        | |  1.6

Action                   |  1- 3 |  4- 6 || total
-------------------------+-------+-------++-------
Melee: Dagger            |    70 |    74 ||   144
       Punch             |       |     1 ||     1
 Stab: Sleeping          |    15 |     7 ||    22
Armor: Robe              |     4 |       ||     4
       Leather armour    |     2 |     9 ||    11
Dodge: Dodged            |    39 |    42 ||    81

Table legend: (Time is in decaauts)
 A = Elapsed time spent in this place.
 B = Non-inter-level travel time spent in this place.
 C = Inter-level travel time spent in this place.
 D = Time resting spent in this place.
 E = Time spent auto-exploring this place.
 F = Levels seen in this place.
 G = Mean time per level.
                   A        B        C        D        E       F      G
               +--------+--------+--------+--------+--------+-----+--------+
         Total |   2951 |   2733 |    218 |      0 |   2371 |   4 |  737.8 |
       Dungeon |   2951 |   2733 |    218 |      0 |   2371 |   4 |  737.8 |
               +--------+--------+--------+--------+--------+-----+--------+

Top non-repeatable levels by time:
     D:1: 1060 daAuts
     D:3: 1008 daAuts
     D:2: 810 daAuts
     D:4: 72 daAuts
